 Dungeon Crawl Stone Soup version 0.20-a0-970-gcd8f41e (webtiles) character file.

205 Murumi the Covert (level 5, 0/45 HPs)
             Began as a Naga Assassin on Apr 8, 2017.
             Killed from afar by an orc wizard (9 damage)
             ... with a magic dart
             ... on level 4 of the Dungeon.
             The game lasted 00:18:11 (4320 turns).

Murumi the Covert (Naga Assassin)                   Turns: 4320, Time: 00:18:12

Health: 0/45       AC:  3    Str: 13    XL:     5   Next: 83%
Magic:  5/5        EV:  9    Int: 12    God:
Gold:   128        SH:  0    Dex: 13    Spells: 4/4 levels left

rFire    . . .     SeeInvis +   a - +2 dagger
rCold    . . .     Gourm    .   (no shield)
rNeg     . . .     Faith    .   c - +0 robe
rPois    +         Spirit   .   (no helmet)
rElec    .         Reflect  .   d - +0 cloak
rCorr    .         Harm     .   (no gloves)
MR       .....                  (no barding)
Stlth    ++++......             (no amulet)
Regen    0.2/turn               (no ring)
MPRegen  0.1/turn               (no ring)

@: short of breath, slowed, very slow
A: see invisible, deformed body, poison resistance, slowness 2, slow metabolism
1, spit poison 1, AC +1
a: Spit Poison


You were on level 4 of the Dungeon.
You were not hungry.

You visited 1 branch of the dungeon, and saw 4 of its levels.

You collected 128 gold pieces.

Inventory:

Hand Weapons
 a - a +2 dagger (weapon)
 b - a +0 blowgun
Missiles
 e - 13 poisoned needles
 f - 2 curare-tipped needles
 u - 118 stones (quivered)
Armour
 c - a +0 robe (worn)
 d - a +0 cloak (worn)
Jewellery
 m - a +3 amulet of reflection {unknown}
 p - an uncursed amulet of harm {unknown}
Scrolls
 n - 3 scrolls of amnesia
 r - a scroll of fog
Potions
 i - a potion of resistance
 j - 2 potions of lignification
 l - a potion of brilliance
 s - 2 potions of ambrosia {unknown}
 t - a potion of degeneration {unknown}
 v - a potion of mutation {unknown}
Comestibles
 g - 6 bread rations
 h - 2 fruits
 k - 2 meat rations
 q - a royal jelly
 w - a chunk of flesh


   Skills:
 - Level 2.0 Fighting
 - Level 2.0 Short Blades
 - Level 2.0 Throwing
 - Level 1.0 Dodging
 + Level 10.1 Stealth


You had 4 spell levels left.
You didn't know any spells.

Dungeon Overview and Level Annotations

Branches:
Dungeon (4/15)
 Temple: D:4-7

Altars:
Fedhas
Qazlal
Xom
Yredelemnul
The Shining One


Innate Abilities, Weirdness & Mutations

You cannot wear boots.
Your serpentine skin is tough. (AC +1)
You have supernaturally acute eyesight. (SInv)
Armour fits poorly on your strangely shaped body.
Your system is resistant to poisons. (rPois)
You cover ground very slowly.
You have a slow metabolism.
You can spit poison.


Message History

The orc wizard is severely wounded.
The orc wizard hits you with a dagger. The orc hits you with a dagger.
The orc wizard hits you with a dagger.
* * * LOW HITPOINT WARNING * * *
The orc hits you with a dagger.
* * * LOW HITPOINT WARNING * * *
You barely miss the orc wizard.
The orc wizard is severely wounded.
You have got your breath back.
The orc wizard barely misses you.
The orc wizard hits you but does no damage.
The orc hits you but does no damage.
Okay, then.
Press: ? - help, Shift-Dir - straight line, f/p - orc wizard
Aim: an orc wizard, wielding a dagger and wearing a robe (severely wounded, fast)
The splash of poison misses the orc wizard.
You feel slightly more hungry.
The orc wizard gestures at you while chanting.
The magic dart hits you!
You die...

###.#########..
.
#..............
# #.#.########
#.#.#### #
#....# ####.#
#.# ####o#
#.o@.# #.####
.. ##


You could see an orc wizard and an orc.

Vanquished Creatures
  A worker ant (D:4)
  7 gnolls
  2 adders (D:3)
  An ooze (D:2)
  2 worms (D:2)
  2 dart slugs (D:3)
  3 leopard geckos
  4 orcs
  A ball python (D:4)
  7 giant cockroaches
  5 goblins
  10 hobgoblins
  2 quokkas
  9 bats
  3 frilled lizards
  9 kobolds
  A leopard gecko skeleton (D:3)
  13 rats
82 creatures vanquished.

Notes
Turn   | Place    | Note
-------+----------+-------------------------------------------
     0 | D:1      | Murumi the Naga Assassin began the quest for the Orb.
     0 | D:1      | Reached XP level 1. HP: 19/19 MP: 1/1
    58 | D:1      | Reached skill level 6 in Stealth
    82 | D:1      | Reached skill level 1 in Dodging
   140 | D:1      | Reached XP level 2. HP: 20/26 MP: 2/2
   283 | D:1      | Reached skill level 7 in Stealth
   283 | D:1      | Reached XP level 3. HP: 26/32 MP: 3/3
   996 | D:1      | Reached XP level 4. HP: 12/39 MP: 4/4
  1168 | D:1      | Reached skill level 8 in Stealth
  1478 | D:2      | Found a faded altar of an unknown god.
  2013 | D:2      | Found a blossoming altar of Fedhas.
  2484 | D:3      | Found a stormy altar of Qazlal.
  2554 | D:3      | Found a basalt altar of Yredelemnul.
  2556 | D:3      | Noticed a profane servitor
  2564 | D:3      | Found a glowing golden altar of the Shining One.
  2566 | D:3      | Noticed an angel
  2769 | D:3      | Reached skill level 9 in Stealth
  2769 | D:3      | Reached XP level 5. HP: 31/45 MP: 5/5
  4169 | D:4      | Found a shimmering altar of Xom.
  4170 | D:4      | Reached skill level 10 in Stealth
  4320 | D:4      | Killed from afar by an orc wizard

Vault maps used:
D:1:      lemuel_arrival_tunnels, minmay_split_cup_large
D:2:      fedhas_altar_3, chequers_ecumenical_altar_island,
          hangedman_decor_peaks_small
D:3:      nicolae_qazlal_general_emergency, grunt_temple_overflow_holy_war,
          first_bread
D:4:      lemuel_doored_altar, minmay_temple_entry_statues_fountains

Skill      XL: |  1  2  3  4  5 |
---------------+----------------+-----
Stealth        | 6 7 9 10 | 10.1
Dodging        | 1 |  1.0
Throwing       | 2 |  2.0
Fighting       | |  2.0
Short Blades   | |  2.0

Action                   |  1- 3 |  4- 6 || total
-------------------------+-------+-------++-------
Melee: Dagger            |    71 |   219 ||   290
 Fire: Blowgun           |       |    10 ||    10
 Abil: Spit Poison       |     6 |    12 ||    18
  Use: Scroll            |     3 |     7 ||    10
       Potion            |       |     2 ||     2
 Stab: Sleeping          |    13 |    15 ||    28
  Eat: Chunk             |       |     9 ||     9
Armor: Robe              |    13 |    47 ||    60
       Skin              |       |    22 ||    22
Dodge: Dodged            |    36 |    79 ||   115
